 Dungeon Crawl Stone Soup version 0.22-a0-499-g80674aa (console) character file.

8 Homage the Twirler (level 2, 22/22 HPs)
             Began as a Demonspawn Gladiator on Nov 15, 2018.
             Quit the game on level 1 of the Dungeon.
             The game lasted 00:01:16 (290 turns).

Homage the Twirler (Demonspawn Gladiator)            Turns: 290, Time: 00:01:16

Health: 22/22      AC:  4    Str: 14    XL:     2   Next: 0%
Magic:  2/2        EV: 12    Int:  9    God:
Gold:   20         SH:  0    Dex: 14    Spells: 1/1 levels left

rFire    + + .     SeeInvis .   a - +0 quarterstaff
rCold    + . .     Gourm    .   (shield currently unavailable)
rNeg     . . .     Faith    .   b - +0 leather armour
rPois    +         Spirit   .   c - +0 helmet
rElec    +         Reflect  .   (no cloak)
rCorr    +         Harm     .   (no gloves)
MR       .....                  (no boots)
Stlth    +.........             (no amulet)
HPRegen  0.07/turn              i - ring of protection from fire
MPRegen  0.08/turn              (no ring)

@: resistant
A: talons 1
a: no special abilities


You were on level 1 of the Dungeon.
You were not hungry.

You visited 1 branch of the dungeon, and saw 1 of its levels.

You collected 20 gold pieces.

Inventory:

Hand Weapons
 a - a +0 quarterstaff (weapon)
Missiles
 d - 3 throwing nets (quivered)
Armour
 b - a +0 leather armour (worn)
 c - a +0 helmet (worn)
Jewellery
 i - a ring of protection from fire (left hand)
Potions
 h - a potion of might {unknown}
Comestibles
 f - a ration
 g - 2 chunks of flesh


   Skills:
 - Level 2.0 Fighting
 - Level 3.0 Staves
 - Level 1.7 Throwing
 * Level 0.9 Armour
 - Level 2.6 Dodging


You had one spell level left.
You didn't know any spells.

Dungeon Overview and Level Annotations

Branches:
Dungeon (1/15)

Altars:


Innate Abilities, Weirdness & Mutations

You have sharp toenails.


Message History

It was a scroll of blinking.
i - a shiny granite ring Put on which piece of jewellery? (? for menu, Esc to quit)
i - a ring of protection from fire (left hand)
A kobold comes into view.
It was a potion of resistance.
You feel protected.
The kobold shouts!
The kobold throws a stone.
The stone hits you but does no damage.
You hit the kobold but do no damage. The kobold misses you.
The kobold barely misses you.
You hit the kobold.
You kill the kobold!
You have reached level 2!
You feel monstrous as your demonic heritage exerts itself.
Your demonic ancestry asserts itself...
Your toenails lengthen and sharpen.
Your magical contamination has completely faded away.
A hobgoblin comes into view.
Are you sure you want to abandon this character and quit the game? (Confirm with "yes".)

### ## #.. .g #.# .# #.# ..
#######.#### .# .#
...........# .# #.#
######.##.#####.# #.# #
#..#.....@.# #.# #
##.######### #.##### #
#.##############.....# #
#.##...........#.#.#.# #
#.##.#####...........# #
##.##.### #.###.#.#.#.# #
#####.......# #.# #.#.....#
# #.........#.# #.#
#.###>#.# #
#.###..#..#.###.###.###.#.#
#


You could see a hobgoblin (sleeping).

Vanquished Creatures
  A giant cockroach (D:1)
  2 goblins (D:1)
  A bat (D:1)
  A frilled lizard (D:1)
  2 kobolds (D:1)
  A rat (D:1)
8 creatures vanquished.

Notes
Turn   | Place    | Note
-------+----------+-------------------------------------------
     0 | D:1      | Homage the Demonspawn Gladiator began the quest for the Orb.
     0 | D:1      | Reached XP level 1. HP: 16/16 MP: 1/1
   154 | D:1      | Reached skill level 3 in Staves
   258 | D:1      | Gained mutation: You have sharp toenails. [demonic ancestry]
   258 | D:1      | Reached XP level 2. HP: 22/22 MP: 2/2
   290 | D:1      | Quit the game

Vault maps used:
D:1:      nagdon_arrival_double_spiral

Skill      XL: |  1 |
---------------+----+-----
Staves         | 3 |  3.0
Fighting       | |  2.0
Throwing       | |  1.7
Armour         | |  0.9
Dodging        | |  2.6

Action                   || total
-------------------------++-------
Melee: Quarterstaff      ||    15
  Use: Scroll            ||     2
       Potion            ||     1
Armor: Leather armour    ||    13
Dodge: Dodged            ||    20

Table legend:
 A = Spawn XP
 B = Non-spawn XP
 C = Spawn XP percentage of total XP
 D = Spawn monster count
 E = Non-spawn monster count
 F = Spawn count percentage of total count
 G = Total turns spent on level
                    A         B        C        D         E        F      G
               +---------+---------+-------+---------+---------+-------+---------
         Total |       0 |      12 |   0.0 |       0 |       8 |   0.0 |   290
               +---------+---------+-------+---------+---------+-------+---------
           D:1 |       0 |      12 |   0.0 |       0 |       8 |   0.0 |   290
               +---------+---------+-------+---------+---------+-------+---------
